 Dungeon Crawl Stone Soup version 0.29.0-4-gdea44cf6ec (webtiles) character file.

Game seed: 12869091530800947559

158 qw the Cleaver (level 5, -2/60 HPs)
             Began as a Minotaur Berserker on Sept 7, 2022.
             Was a Follower of Trog.
             Slain by a gnoll
             ... wielding a +0 spear
              (5 damage)
             ... on level 2 of the Dungeon.
             The game lasted 00:00:25 (1312 turns).

qw the Cleaver (Minotaur Berserker)                 Turns: 1312, Time: 00:00:26

Health: -2/60      AC:  2    Str: 23    XL:     5   Next: 16%
Magic:  4/4        EV: 12    Int:  4    God:    Trog [*.....]
Gold:   35         SH:  0    Dex: 10    Spells: 4/4 levels left

rFire   . . .      SeeInvis .   Y - +1 hand axe
rCold   . . .      Faith    .   (no shield)
rNeg    . . .      Spirit   .   b - +0 animal skin
rPois   .          Reflect  .   (helmet restricted)
rElec   .          Harm     .   (no cloak)
rCorr   .          Rampage  .   (no gloves)
Will    .....                   (no boots)
Stlth   +.........              (no amulet)
HPRegen 0.20/turn               (no ring)
MPRegen 0.09/turn               (no ring)

@: on berserk cooldown, slowed, very slow
A: horns 2, retaliatory headbutt
a: Renounce Religion, Berserk


You were on level 2 of the Dungeon.
You worshipped Trog.
Trog was aware of your devotion.
You visited 1 branch of the dungeon, and saw 2 of its levels.

You collected 35 gold pieces.


Innate Abilities, Weirdness & Mutations

You have a pair of horns on your head.
You reflexively headbutt those who attack you in melee.


   Skills:
 - Level 11.0 Fighting
 - Level 11.8 Axes
 - Level 2.4 Armour
 + Level 2.6 Dodging


You had 4 spell levels left.
You didn't know any spells.
Your spell library was empty.

Inventory:

Hand Weapons
 h - a +0 mace
 Y - a +1 hand axe (weapon)
Armour
 b - a +0 animal skin (worn)
Scrolls
 a - a scroll of silence {unknown}
Potions
 d - a potion of cancellation {unknown}
 e - a potion of invisibility {unknown}
 i - a potion of haste {unknown}

Dungeon Overview and Level Annotations

Branches:
Dungeon (2/15)

Altars:


Message History

You kill the jackal!
Trog accepts your kill. The jackal misses you.
You hit the jackal but do no damage.
The jackal is almost dead.
The jackal closely misses you.
The gnoll hits you from afar with a +0 spear.
A rat comes into view.
You closely miss the jackal.
The jackal is almost dead.
The jackal bites you but does no damage.
The gnoll misses you. The jackal bites you.
You closely miss the jackal.
The jackal is almost dead.
The gnoll barely misses you. The jackal barely misses you.
You barely miss the jackal.
The jackal is almost dead.
The jackal closely misses you.
The gnoll hits you from afar with a +0 spear.
The jackal closely misses you. The gnoll hits you with a +0 flail!
The gnoll hits you from afar with a +0 spear.
You hit the jackal.
You kill the jackal!
Trog accepts your kill.
You hit the gnoll but do no damage. The gnoll hits you with a +0 flail.
The gnoll hits you from afar with a +0 spear!
You barely miss the gnoll. Your headbutt misses the gnoll.
The gnoll misses you. The gnoll closely misses you.
You hit the gnoll.
The gnoll is moderately wounded.
You slash the rat!
You kill the rat!
Trog accepts your kill. The gnoll completely misses you.
The gnoll closely misses you.
You slash the gnoll!
You kill the gnoll!
Trog accepts your kill.
The gnoll hits you from afar with a +0 spear.
You die...

#.#########
#.#.......#
#.#.......#
#.#.......#
###.........#
..##......g.....
........%%......
#.)@)...... #
#.#..######
#.#.#.## #.#.#.#
#.....# ###.###
.# #.# .# #.#
##.## #.#
####<..##


You could see a gnoll.

Vanquished Creatures
  3 gnolls (D:2)
  2 adders (D:2)
  A dart slug (D:1)
  3 ball pythons
  2 bats (D:1)
  2 endoplasms (D:1)
  2 giant cockroaches
  A goblin (D:1)
  5 hobgoblins
  4 jackals (D:2)
  2 frilled lizards
  2 kobolds (D:1)
  2 rats (D:2)
31 creatures vanquished.

Notes
Turn   | Place    | Note
-------+----------+-------------------------------------------
     0 | D:1      | qw the Minotaur Berserker began the quest for the Orb.
     0 | D:1      | Reached XP level 1. HP: 19/19 MP: 0/0
     0 | D:1      | 0 ||| qw: Version: 0.1-a-108-g9e35731
     0 | D:1      | 0 ||| qw: Game counter: 6489
     0 | D:1      | 0 ||| qw: Always use a shield: true
     0 | D:1      | 0 ||| qw: Do Orc after D:15 true
     0 | D:1      | 0 ||| qw: Do second Lair branch before Depths: true
     0 | D:1      | 0 ||| qw: Lair rune preference: random
     0 | D:1      | 0 ||| qw: Plans: Normal
     0 | D:1      | 0 ||| PLANNING D:1-11
    60 | D:1      | 60 ||| INVOKING Berserk.
   375 | D:1      | 375 ||| Stepping ~*~*~tactically~*~*~ (stealth).
   376 | D:1      | 376 ||| Stepping ~*~*~tactically~*~*~ (stealth).
   380 | D:1      | Reached XP level 2. HP: 24/26 MP: 1/1
   424 | D:1      | 424 ||| DROPPING +0 club.
   534 | D:1      | 534 ||| Stepping ~*~*~tactically~*~*~ (stealth).
   536 | D:1      | 536 ||| Stepping ~*~*~tactically~*~*~ (stealth).
   537 | D:1      | 537 ||| Stepping ~*~*~tactically~*~*~ (stealth).
   539 | D:1      | 539 ||| Stepping ~*~*~tactically~*~*~ (stealth).
   569 | D:1      | 569 ||| Stepping ~*~*~tactically~*~*~ (hiding).
   876 | D:1      | 876 ||| INVOKING Berserk.
  1055 | D:1      | 1055 ||| READING scroll labelled DERUUV TAVYUFE.
  1058 | D:1      | 1058 ||| READING scroll labelled QOREOM UNYIMI.
  1059 | D:1      | 1059 ||| READING scroll labelled ECWATI NAGICH.
  1060 | D:1      | 1060 ||| DRINKING 2 clear potions.
  1060 | D:1      | Reached XP level 3. HP: 31/31 MP: 2/2
  1061 | D:1      | 1061 ||| DRINKING potion of experience.
  1061 | D:1      | Reached XP level 4. HP: 55/55 MP: 3/3
  1133 | D:2      | 1133 ||| Stepping ~*~*~tactically~*~*~ (stealth).
  1281 | D:2      | 1281 ||| Stepping ~*~*~tactically~*~*~ (stealth).
  1289 | D:2      | 1289 ||| Stepping ~*~*~tactically~*~*~ (hiding).
  1293 | D:2      | 1293 ||| INVOKING Berserk.
  1301 | D:2      | Reached XP level 5. HP: 50/60 MP: 4/4
  1308 | D:2      | HP: 15/60 [gnoll/+0 spear (4)]
  1309 | D:2      | HP: 3/60 [gnoll/+0 spear (7)]
  1312 | D:2      | Slain by a gnoll

Levels and vault maps discovered:
D:1:      evilmike_arrival_home_sweet_home, layout_rooms, minmay_hexomino_u4
D:2:      layout_loops_corners, wad_floor_pattern_1, minmay_bisected,
          uniq_natasha

Skill      XL: |  1  2  3 |
---------------+----------+-----
Axes           | 4 11 | 11.8
Fighting       | 11 | 11.0
Armour         | |  2.4
Dodging        | |  2.6

Action                   |  1- 3 |  4- 6 || total
-------------------------+-------+-------++-------
Melee: Hand axe          |    40 |    28 ||    68
       Headbutt          |     3 |     2 ||     5
Invok: Berserk           |     2 |     1 ||     3
  Use: Scroll            |     3 |       ||     3
       Potion            |     2 |       ||     2
Armor: Animal skin       |     7 |     4 ||    11
Dodge: Dodged            |    30 |    19 ||    49

Table legend:
 A = Non-vault XP
 B = Vault XP
 C = Vault XP percentage of total XP
 D = Non-vault monster count
 E = Vault monster count
 F = Vault count percentage of total count
                 A         B        C        D         E       F
            +---------+---------+-------+---------+---------+-------
      Total |     110 |       5 |   4.3 |      28 |       3 |   9.7
            +---------+---------+-------+---------+---------+-------
        D:1 |      25 |       5 |  16.7 |      13 |       3 |  18.8
        D:2 |      85 |       0 |   0.0 |      15 |       0 |   0.0
            +---------+---------+-------+---------+---------+-------
